 Dungeon Crawl Stone Soup version 0.32-a0-876-gcfddb08e57 (webtiles) character file.

Game seed: 17862070319602379224

6393 smashvw the Fighter (level 10, 0/98 (110) HPs)
             Began as a Troll Fighter on Mar 31, 2024.
             Was a High Priest of Okawaru.
             Slain by a wight
             ... wielding a +4 war axe
              (7 damage)
             ... on level 9 of the Dungeon.
             The game lasted 00:17:44 (6043 turns).

smashvw the Fighter (Troll Fighter)                 Turns: 6043, Time: 00:17:45

HP:   0/98 (110)    AC:  7    Str: 26    XL:     10   Next: 66%
MP:   9/9           EV: 14    Int:  6    God:    Okawaru [*****.]
Gold: 427           SH:  8    Dex: 11    Spells: 9/9 levels left

rFire   . .          .
                       - Unarmed
rCold   . . .        b - +0 kite shield
rNeg    . . .        B - +0 steam dragon scales
rPois   .            (helmet restricted)
rElec   .            (no cloak)
rCorr   .            (gloves unavailable)
SInv    .            (boots unavailable)
Will    .....        l - amulet of the acrobat
Stlth   +            e - +5 ring of evasion
HPRegen 1.16/turn    (no ring)
MPRegen 0.11/turn

%: acrobat
@: mighty, heavily drained
A: large, unfitting armour, claws 3, regeneration 1, shaggy fur 1, tough skin 1
a: Renounce Religion, Heroism, Finesse, Duel


You were on level 9 of the Dungeon.
You worshipped Okawaru.
Okawaru was extremely pleased with you.
You visited 1 branch of the dungeon, and saw 9 of its levels.

You collected 427 gold pieces.

Inventory:

Missiles
 t - 10 poisoned darts (quivered)
 v - a javelin
 y - 2 boomerangs
Armour
 a - a +0 robe
 b - a +0 kite shield (worn)
 z - a +2 robe of fire resistance
 B - +0 steam dragon scales (worn)
Jewellery
 e - a +5 ring of evasion (left claw)
 l - an amulet of the acrobat (around neck)
 p - a ring of see invisible
Wands
 u - a wand of flame (57)
Scrolls
 d - 14 scrolls of identify {unknown}
 f - a scroll of fear {unknown}
 i - 3 scrolls of revelation {unknown}
 k - a scroll of vulnerability {unknown}
 q - 2 scrolls of enchant armour {unknown}
 r - 3 scrolls of teleportation {unknown}
 s - a scroll of blinking {unknown}
 x - a scroll of noise {unknown}
Potions
 c - 3 potions of might
 g - 3 potions of haste {unknown}
 h - 2 potions of lignification {unknown}
 j - a potion of ambrosia {unknown}
 m - 2 potions of brilliance {unknown}
 n - 5 potions of heal wounds {unknown}
 o - a potion of enlightenment {unknown}
 w - a potion of berserk rage {unknown}
 A - 2 potions of cancellation {unknown}


   Skills:
 - Level 10.0 Fighting
 + Level 5.0(5.1) Short Blades
 - Level 0.7(3.2) Long Blades
 + Level 5.9 Dodging
 - Level 5.0 Shields
 - Level 6.0 Unarmed Combat


You had 9 spell levels left.
You didn't know any spells.
Your spell library contained the following spells:

 Spells                   Type           Power      Damage    Failure   Level
 Magic Dart               Conj           0%         1d3       67%         1
 Blink                    Tloc           0%         N/A       82%         2
 Ensorcelled Hibernation  Hex/Ice        0%         N/A       82%         2
 Dazzling Flash           Conj/Hex       0%         N/A       96%         3
 Passwall                 Erth           0%         N/A       96%         3
 Stone Arrow              Conj/Erth      0%         3d7       96%         3
 Swiftness                Air            0%         N/A       96%         3
 Flame Wave               Conj/Fire      0%         2d4       100%        4
 Arcjolt                  Conj/Air       0%         1d10      100%        5
 Yara's Violent Unravell  Hex/Alch       0%         3d3       100%        5
 Starburst                Conj/Fire      0%         6d3       100%        6
 Maxwell's Capacitive Co  Air            0%         ∞         100%        8
 Call Imp                 Summ           Unusable   N/A       N/A         2

Dungeon Overview and Level Annotations

Branches:
Dungeon (9/15)             Temple (0/1) D:6            Lair (0/5) D:8
    Orc: D:9-12

Altars:
Ashenzari
Cheibriados
Dithmenos
Elyvilon
Nemelex Xobeh
Okawaru
Qazlal
Ru
Xom
The Shining One

Shops:
D:1 :   D:3 *   D:5 (   D:6 [   D:7 (


Innate Abilities, Weirdness & Mutations

You are too large for most types of armour.
You have claws for hands.
Your natural rate of healing is unusually fast.
You are covered in fur. (AC +1)
You have tough skin. (AC +1)


Message History

You scratch the wight but do no damage. The wight completely misses you.
The wight hits you from afar with a +4 spear!
The wight closely misses you. You block the wight's attack.
You closely miss the wight. The wight hits you with a +4 war axe!
You feel drained. The wight misses you. The wight hits you with a +0 spear.
The wight hits you with a +5 battleaxe.
You scratch the wight.
The wight is moderately damaged.
The wight misses you. The wight barely misses you.
You block the wight's attack. The wight hits you with a +5 battleaxe.
You barely miss the wight.
The wight is moderately damaged.
The wight completely misses you.
The wight hits you from afar with a +4 spear.
You feel drained. The wight closely misses you. You block the wight's attack.
You barely miss the wight.
The wight is moderately damaged.
You block the wight's attack. The wight barely misses you. x2
The wight hits you with a +5 battleaxe.
* * * LOW HITPOINT WARNING * * *
You scratch the wight but do no damage.
The wight is moderately damaged.
The wight hits you with a +4 war axe!
* * * LOW HITPOINT WARNING * * *
You feel drained.
* * * LOW HITPOINT WARNING * * *
The wight closely misses you. The wight hits you but does no damage.
You block the wight's attack.
You closely miss the wight.
The wight is moderately damaged.
You block the wight's attack. The wight barely misses you.
The wight closely misses you. You block the wight's attack.
You feel very mighty all of a sudden. The wight closely misses you.
You block the wight's attack. The wight misses you.
The wight hits you with a +5 battleaxe!
* * * LOW HITPOINT WARNING * * *
You claw the wight!
The wight is almost destroyed.
The wight hits you with a +4 war axe!
You die...

....##
...).######
..#......# .
........#..
##..........
...........
#)........
###.z.......
##.z.@[......
####..#zz../....
........#####...
...>.#### ..
.... . #.. #) #


You could see 4 wights.

Vanquished Creatures
  A boulder beetle (D:7)
  A two-headed ogre (D:7)
  Pikel (D:7)
  Prince Ribbit (D:6)
  2 wyverns (D:8)
  3 yaks
  A steam dragon (D:8)
  2 water moccasins
  Duvessa (D:4)
  3 orc warriors
  3 ice beasts
  3 sky beasts
  2 ogres (D:5)
  A centaur (D:8)
  3 lemures (D:7)
  3 phantoms
  2 kobold brigands
  4 bullfrogs
  4 scorpions
  11 wights
  Dowan (D:4)
  4 howler monkeys
  A bombardier beetle (D:4)
  2 hounds (D:6)
  2 gnoll boudas
  4 orc priests
  A jelly (D:5)
  2 iguanas
  A sleepcap (D:6)
  4 orc wizards
  9 gnolls
  15 adders
  A shadow imp (D:5)
  3 white imps
  2 ribbon worms
  A dart slug (D:2)
  13 orcs
  8 bats
  4 endoplasms
  6 giant cockroaches
  11 goblins
  9 hobgoblins
  11 kobolds
  8 quokkas
  11 ball pythons
  4 frilled lizards
  9 rats
199 creatures vanquished.

Notes
Turn   | Place    | Note
-------+----------+-------------------------------------------
     0 | D:1      | smashvw the Troll Fighter began the quest for the Orb.
     0 | D:1      | Reached XP level 1. HP: 22/22 MP: 0/0
   188 | D:1      | Reached XP level 2. HP: 25/29 MP: 1/1
   263 | D:1      | Found Zayto's Book Boutique.
   499 | D:1      | You fall into a shaft and drop 1 floor!
   725 | D:2      | Reached XP level 3. HP: 33/36 MP: 2/2
   754 | D:2      | Found an iron altar of Okawaru.
   805 | D:2      | Became a worshipper of Warmaster Okawaru
   902 | D:2      | Reached skill level 3 in Fighting
   944 | D:2      | Found a faded altar of an unknown god.
  1361 | D:3      | Reached XP level 4. HP: 45/45 MP: 3/3
  1361 | D:3      | Found Heelovit's General Store.
  1862 | D:3      | Reached XP level 5. HP: 53/53 MP: 4/4
  2082 | D:4      | Noticed an ice beast
  2097 | D:4      | Killed an ice beast
  2097 | D:4      | Reached * piety under Okawaru
  2104 | D:4      | Reached XP level 6. HP: 39/62 MP: 5/5
  2169 | D:4      | Reached skill level 4 in Fighting
  2219 | D:4      | Found a stormy altar of Qazlal.
  2219 | D:4      | Noticed a sky beast
  2219 | D:4      | Noticed Duvessa
  2219 | D:4      | Noticed Dowan
  2239 | D:4      | Killed Duvessa
  2239 | D:4      | Reached ** piety under Okawaru
  2251 | D:4      | Killed a sky beast
  2252 | D:4      | Reached XP level 7. HP: 20/71 MP: 6/6
  2261 | D:4      | Killed Dowan
  2262 | D:4      | Reached skill level 5 in Shields
  2318 | D:4      | Reached skill level 5 in Unarmed Combat
  2493 | D:4      | Found a glowing golden altar of the Shining One.
  2652 | D:5      | Entered Level 5 of the Dungeon
  2655 | D:5      | Found a shadowy altar of Dithmenos.
  2726 | D:5      | Found a white marble altar of Elyvilon.
  2866 | D:5      | Found a shimmering altar of Xom.
  2881 | D:5      | Reached skill level 5 in Fighting
  3063 | D:5      | Found Coel's Weapon Boutique.
  3392 | D:6      | Reached XP level 8. HP: 80/80 MP: 7/7
  3415 | D:6      | Reached *** piety under Okawaru
  3534 | D:6      | Reached skill level 6 in Fighting
  3544 | D:6      | Noticed Prince Ribbit
  3574 | D:6      | Killed Prince Ribbit
  3575 | D:6      | Reached skill level 7 in Fighting
  3612 | D:6      | Found a staircase to the Ecumenical Temple.
  3852 | D:6      | Found a snail-covered altar of Cheibriados.
  3913 | D:6      | Found Robbufun's Antique Armour Boutique.
  3935 | D:6      | Reached **** piety under Okawaru
  4027 | D:6      | Found an iron altar of Okawaru.
  4094 | D:6      | Reached skill level 8 in Fighting
  4094 | D:6      | Reached XP level 9. HP: 73/95 MP: 8/8
  4216 | D:7      | Noticed Pikel
  4243 | D:7      | Killed Pikel
  4244 | D:7      | Reached skill level 9 in Fighting
  4324 | D:7      | Noticed a boulder beetle
  4349 | D:7      | Killed a boulder beetle
  4349 | D:7      | Reached ***** piety under Okawaru
  4350 | D:7      | Reached skill level 10 in Fighting
  4452 | D:7      | Reached skill level 1 in Short Blades
  4462 | D:7      | Noticed a two-headed ogre
  4470 | D:7      | Killed a two-headed ogre
  4470 | D:7      | Received a gift from Okawaru
  4471 | D:7      | Reached XP level 10. HP: 43/110 MP: 9/9
  4741 | D:7      | Found Bagrevve's Weapon Shoppe.
  4742 | D:7      | Noticed a +0 lajatang
  4743 | D:7      | Noticed a +0 demon trident
  5318 | D:8      | Found a broken altar of Ashenzari.
  5361 | D:8      | Found a sparkling altar of Nemelex Xobeh.
  5421 | D:8      | Reached skill level 5 in Dodging
  5526 | D:8      | Found a sacrificial altar of Ru.
  5594 | D:8      | Got Sif Muna's Folio of Wild Compounds
  5774 | D:8      | Found a staircase to the Lair.
  6027 | D:9      | Reached skill level 5 in Short Blades
  6043 | D:9      | Slain by a wight

Illustrated notes

Levels and vault maps discovered:
D:1:      mrwooster_arrival_statue_3, layout_basic, serial_shops, shop
D:2:      minmay_skewed_foursquare, layout_basic, basic_altar,
          hellmonk_ecumenical_altar_arch_garden, hangedman_glass_teeth
D:3:      cheibrodos_greedy_goblins, layout_basic, serial_shops, shop,
          minmay_snake_closets
D:4:      layout_rooms, nicolae_qazlal_beasts_of_the_sky,
          mainiacjoe_overflow_24_doors, uniq_duvessa
D:5:      layout_loops_ring, elyvilon_altar_3,
          nicolae_dithmenos_through_a_glass_darkly, kennysheep_mini,
          serial_shops, shop
D:6:      layout_basic, mainiacjoe_overflow_tiny_flanked,
          okawaru_metal_pillars_1_2, minmay_temple_entry_offerings,
          serial_shops, nicolae_diamond_shop, uniq_prince_ribbit1
D:7:      layout_rooms, serial_shops, nicolae_shop_mannequins,
          minmay_three_doors, uniq_pikel
D:8:      layout_basic, mainiacjoe_overflow_two_lobes, lair_entry_dummy,
          kennysheep_small_circle
D:9:      layout_rooms, nicolae_vehumet_altar_sigil, fedhas_altar_fruit_tree,
          enter_bailey_3

Skill      XL: |  1  2  3  4  5  6  7  8  9 10 |
---------------+-------------------------------+-----
Shields        | 3 4 5 |  5.0
Fighting       | 3 4 5 8 10 | 10.0
Unarmed Combat | 3 4 6 |  6.0
Dodging        | 3 5 |  5.9
Short Blades   | 2 5 |  5.0
Long Blades    | |  0.7

Action                     |  1- 3 |  4- 6 |  7- 9 | 10-12 || total
---------------------------+-------+-------+-------+-------++-------
  Melee: Unarmed           |   105 |   144 |   275 |   169 ||   693
    Use: Potion            |       |       |     1 |     1 ||     2
   Stab: Sleeping          |       |       |     1 |       ||     1
 Armour: Robe              |    49 |    71 |   102 |    53 ||   275
         Steam dragon scal |       |       |       |    34 ||    34
  Dodge: Dodged            |    48 |    66 |   123 |   116 ||   353
  Block: Kite shield       |    45 |    51 |   123 |    89 ||   308

Table legend: (Time is in decaauts)
 A = Elapsed time spent in this place.
 B = Non-inter-level travel time spent in this place.
 C = Inter-level travel time spent in this place.
 D = Time resting spent in this place.
 E = Time spent auto-exploring this place.
 F = Levels seen in this place.
 G = Mean time per level.
                   A        B        C        D        E       F      G
               +--------+--------+--------+--------+--------+-----+--------+
         Total |   6056 |   5790 |    266 |     39 |   4397 |   9 |  672.9 |
       Dungeon |   6056 |   5790 |    266 |     39 |   4397 |   9 |  672.9 |
               +--------+--------+--------+--------+--------+-----+--------+

Top non-repeatable levels by time:
     D:8: 1128 daAuts
     D:7: 806 daAuts
     D:3: 729 daAuts
     D:5: 725 daAuts
     D:6: 704 daAuts
     D:1: 679 daAuts
     D:2: 647 daAuts
     D:4: 609 daAuts
     D:9: 25 daAuts
